 Dungeon Crawl Stone Soup version 0.17-a0-77-gee7a2f2 (webtiles) character file.

189 Ngotmuk the Covered (level 5, -5/47 HPs)
             Began as a Minotaur Fighter on Mar 14, 2015.
             Slain by a gnoll
             ... wielding a +0 flail
              (10 damage)
             ... on level 3 of the Dungeon.
             The game lasted 00:04:43 (2221 turns).

Ngotmuk the Covered (Minotaur Fighter)              Turns: 2221, Time: 00:04:44

Health: -5/47      AC:  8    Str: 21    XL:     5   Next: 40%
Magic:  2/2        EV:  8    Int:  5    God:
Gold:   153        SH:  9    Dex: 10    Spells: 0 memorised, 4 levels left

rFire  . . .     SeeInvis .     a - +0 flail
rCold  + . .     Clarity  .     r - +2 ring mail {rF+}
rNeg   . . .     SustAb   .     c - +0 shield
rPois  .         Gourm    .     (helmet restricted)
rElec  .         Spirit   .     (no cloak)
rCorr  .         Warding  .     (no gloves)
rMut   .         Stasis   .     (no boots)
MR     .....                    (no amulet)
Stlth  ..........               (no ring)
                                h - ring of ice

@: not resistant to hostile enchantments, extremely unstealthy
A: retaliatory headbutt, horns 2
a: no special abilities


You were on level 3 of the Dungeon.
You were hungry.

You visited 1 branch of the dungeon, and saw 3 of its levels.

You collected 153 gold pieces.

Inventory:

Hand weapons
 a - a +0 flail (weapon)
Armour
 c - a +0 shield (worn)
 r - a +2 ring mail of fire resistance (worn)
Jewellery
 h - a ring of ice (left hand)
Scrolls
 f - 5 scrolls of identify {unknown}
 k - a scroll of fear {unknown}
 l - 2 scrolls of teleportation {unknown}
 n - 2 scrolls of remove curse {unknown}
 q - a scroll of enchant armour {unknown}
 u - a scroll of immolation {unknown}
 x - a scroll of fog {unknown}
Potions
 b - a potion of cure mutation {unknown}
 e - 2 potions of might
 g - 2 potions of restore abilities {unknown}
 i - a potion of flight {unknown}
 j - 2 potions of curing {unknown}
 o - a potion of heal wounds {unknown}
 p - a potion of haste
 s - a potion of agility {unknown}
 t - a potion of ambrosia {unknown}
Comestibles
 d - 4 bread rations
 m - 3 fruits
 v - a slice of pizza
 w - a meat ration


   Skills:
 + Level 4.8 Fighting
 * Level 5.0 Maces & Flails
 + Level 5.0 Armour
 - Level 3.6 Shields


You had 4 spell levels left.
You didn't know any spells.

Dungeon Overview and Level Annotations

Branches:
Dungeon (3/15)

Altars:
Makhleb


Innate Abilities, Weirdness & Mutations

You reflexively headbutt those who attack you in melee.
You have a pair of horns on your head.


Message History

The gnoll barely misses you.
There is an open door here.
You barely miss the gnoll. Your headbutt misses the gnoll.
The gnoll is heavily wounded.
The gnoll hits you from afar with a halberd.
The kobold hits you with a club.
The big kobold hits you but does no damage.
The gnoll hits you from afar with a spear!
* * * LOW HITPOINT WARNING * * *
The gnoll hits you but does no damage. You block the big kobold's attack.
The gnoll hits you but does no damage.
You thump the gnoll!
You kill the gnoll!
Your Maces & Flails skill increases to level 5!
You block the gnoll's attack. You block the kobold's attack.
The big kobold hits you but does no damage.
The gnoll hits you from afar with a halberd!
* * * LOW HITPOINT WARNING * * *
The big kobold completely misses you. The gnoll hits you with a flail!
You die...

............................#
≈≈.≈≈≈.≈≈≈≈.≈≈.≈≈≈...≈≈[≈.≈≈#
≈≈≈≈≈≈≈≈≈≈≈≈≈≈≈≈≈≈≈≈≈≈≈≈≈≈≈≈#
≈≈≈≈≈≈≈≈≈≈≈≈≈≈≈≈≈≈≈≈≈≈≈≈≈≈≈≈
≈≈≈≈≈≈≈≈≈≈≈≈≈≈#####≈≈≈≈≈≈≈≈≈
###############.K$#≈≈≈≈≈≈≈≈≈
..............#ggg#≈≈≈≈≈≈≈≈
..............#gKK#≈≈≈≈≈≈≈
..............##@##≈≈≈≈≈≈
...########....KK# ≈≈≈ ...#
#.....K# ...########......#
(.....((......##'#
......)(......#...
..............#...#
###############...# ####


You could see 3 big kobolds, 3 gnolls, a hobgoblin and 3 kobolds.

Vanquished Creatures
  A big kobold (D:3)
  A gnoll (D:3)
  5 adders
  3 giant geckos
  An orc (D:3)
  3 ball pythons
  4 bats
  2 giant cockroaches
  4 goblins
  6 hobgoblins
  A quokka (D:3)
  A giant newt (D:1)
  16 kobolds
  8 rats
56 creatures vanquished.

Notes
Turn   | Place    | Note
--------------------------------------------------------------
     0 | D:1      | Ngotmuk, the Minotaur Fighter, began the quest for the Orb.
     0 | D:1      | Reached XP level 1. HP: 19/19 MP: 1/1
   461 | D:1      | Reached XP level 2. HP: 18/27 MP: 1/1
   626 | D:1      | Reached skill level 4 in Armour
   988 | D:2      | Reached XP level 3. HP: 22/33 MP: 2/2
  1436 | D:2      | Found a burning altar of Makhleb.
  1436 | D:2      | Noticed a blizzard demon
  1439 | D:2      | Noticed a hellwing
  1439 | D:2      | Noticed a smoke demon
  1711 | D:3      | Reached XP level 4. HP: 34/41 MP: 2/2
  2173 | D:3      | Noticed a big kobold
  2179 | D:3      | Killed a big kobold
  2179 | D:3      | Reached XP level 5. HP: 37/47 MP: 2/2
  2213 | D:3      | Noticed a big kobold
  2213 | D:3      | Noticed a big kobold
  2217 | D:3      | Reached skill level 5 in Armour
  2219 | D:3      | Noticed a big kobold
  2221 | D:3      | Reached skill level 5 in Maces & Flails
  2221 | D:3      | Slain by a gnoll

Action                   |  1- 3 |  4- 6 || total
-------------------------+-------+-------++-------
Melee: Flail             |    80 |    52 ||   132
  Eat: Fruit             |     2 |       ||     2
       Royal jelly       |     1 |       ||     1
